 Dungeon Crawl Stone Soup version 0.32-a0-441-gaf4921d101 (webtiles) character file.

Game seed: 15279701271923933181

1733 Morbidden the Skirmisher (level 9, -4/66 HPs)
             Began as a Formicid Hunter on Feb 23, 2024.
             Was a Believer of Cheibriados.
             Slain by a bullfrog (5 damage)
             ... on level 6 of the Dungeon.
             The game lasted 00:07:53 (6102 turns).

Morbidden the Skirmisher (Formicid Hunter)          Turns: 6102, Time: 00:07:54

Health: -4/66      AC: 10    Str: 22    XL:     9   Next: 25%
Magic:  11/11      EV: 11    Int: 15    God:    Cheibriados [**....]
Gold:   327        SH:  0    Dex: 27    Spells: 8/8 levels left

rFire   . . .        b - +1 dagger (freeze)
rCold   . . .        (no shield)
rNeg    + + .        j - +0 chain mail
rPois   .            (helmet unavailable)
rElec   .            (no cloak)
rCorr   .            c - +0 pair of gloves
SInv    +            (no boots)
Will    .....        (no amulet) Stlth
                     d - ring of positive energy
HPRegen 0.31/turn    v - ring of positive energy
MPRegen 0.12/turn

%: no passive effects
@: very slow
A: permanent stasis, dig shafts and tunnels, antennae 3, four strong arms
a: Dig, Shaft Self, Renounce Religion, Bend Time


You were on level 6 of the Dungeon.
You worshipped Cheibriados.
Cheibriados was pleased with you.
You visited 2 branches of the dungeon, and saw 9 of its levels.

You collected 327 gold pieces.

Inventory:

Hand Weapons
 a - a +0 shortbow
 b - a +1 dagger of freezing (weapon)
Missiles
 q - a throwing net
 u - 5 javelins
 A - 6 curare-tipped darts
Armour
 c - a +0 pair of gloves (worn)
 j - a +0 chain mail (worn)
 y - a +1 robe of willpower
Jewellery
 d - a ring of positive energy (left hand)
 f - a +6 ring of intelligence
 v - a ring of positive energy (right hand)
Talismans
 C - a beast talisman
Wands
 i - a wand of flame (20)
 r - a wand of mindburst (5)
 t - a wand of digging (4)
 w - a wand of quicksilver (5)
Scrolls
 e - 6 scrolls of identify {unknown}
 g - 3 scrolls of revelation {unknown}
 h - 2 scrolls of noise {unknown}
 m - a scroll of butterflies
 n - 2 scrolls of enchant armour {unknown}
 o - 4 scrolls of teleportation {unknown}
 s - a scroll of acquirement {unknown}
 x - a scroll of amnesia {unknown}
 z - a scroll of blinking {unknown}
 E - a scroll of vulnerability {unknown}
Potions
 k - a potion of haste {unknown}
 l - a potion of cancellation {unknown}
 p - a potion of enlightenment {unknown}
 B - a potion of heal wounds {unknown}
 D - a potion of ambrosia
 F - a potion of curing


   Skills:
 * Level 4.6 Fighting
 * Level 3.1 Short Blades
 * Level 8.3 Ranged Weapons
 * Level 3.5 Armour
 * Level 3.8 Dodging
 + Level 1.8 Stealth
 * Level 3.8 Invocations
 + Level 0.6 Evocations
 * Level 2.2 Shapeshifting


You had 8 spell levels left.
You didn't know any spells.
Your spell library contained the following spells:

 Spells                   Type           Power      Damage    Failure   Level
 Magic Dart               Conj           0%         1d3       86%         1
 Searing Ray              Conj           0%         2d4       95%         2
 Inner Flame              Hex/Fire       0%         N/A       99%         3
 Fulminant Prism          Conj/Alch      0%         3d5       100%        4
 Irradiate                Conj/Alch      0%         3d11      100%        5
 Ignition                 Fire           0%         3d3       100%        8


Dungeon Overview and Level Annotations

Branches:
Dungeon (8/15)             Temple (1/1) D:4
   Lair: D:8-11

Altars:
Ashenzari
Cheibriados
Dithmenos
Hepliaklqana
Makhleb
Nemelex Xobeh
Okawaru
Ru
Sif Muna
Trog
Vehumet
Wu Jian
Xom
Zin
The Shining One

Annotations:
D:6 Sigmund


Innate Abilities, Weirdness & Mutations

You cannot be hasted, slowed, berserked, paralysed or teleported.
You can dig through walls and to a lower floor.
You have a pair of large antennae on your head. (SInv)
Your four strong arms can wield two-handed weapons with a shield.


Message History

The gnoll attacks as it pursues you! The gnoll closely misses you.
The centaur barely misses you. x2
The centaur wields a +0 shortbow.
The centaur shoots an arrow.
The arrow hits you but does no damage.
The gnoll bouda hits you with a +0 club.
The centaur shoots an arrow.
The arrow hits you.
The gnoll bouda hits you with a +0 club.
The bullfrog closely misses you. The gnoll attacks as it pursues you!
The gnoll closely misses you. The gnoll bouda closely misses you.
The gnoll hits you with a +0 whip. The bullfrog hits you.
* * * LOW HITPOINT WARNING * * *
The gnoll hits you but does no damage.
You hit the gnoll bouda but do no damage.
Your attacks no longer feel as feeble.
The centaur unwields a +0 shortbow.
The centaur completely misses you.
The centaur kicks you but does no damage.
The bullfrog completely misses you.
The gnoll hits you from afar with a +0 halberd.
* * * LOW HITPOINT WARNING * * *
The gnoll bouda hits you with a +0 club.
* * * LOW HITPOINT WARNING * * *
The gnoll misses you.
You closely miss the gnoll bouda. The bullfrog closely misses you.
The centaur hits you but does no damage.
The centaur closely misses you. The gnoll hits you with a +0 whip.
* * * LOW HITPOINT WARNING * * *
The gnoll barely misses you. The bullfrog closely misses you.
The gnoll barely misses you.
Unknown command.
Unknown command.
Unknown command.
Unknown command.
The centaur hits you but does no damage.
The centaur kicks you but does no damage.
The gnoll misses you.
The gnoll bouda hits you with a +0 club.
* * * LOW HITPOINT WARNING * * *
The gnoll barely misses you. The bullfrog hits you.
You die...
Cheibriados appreciates the motionlessness of death.

#.#..#...#...#...#.. #
#.#.................
###.##.#....#...#...#...#
#..........#...#...#...#.
.....g....#...#...#...#..
.....g..g..#...#...#...#.
#.####[#gY..#...#...#...#
......#gc...............
......g@g...............
#.#....Fg#########.##....
# #....#.# #<# #.##.###
#..#.#.# #.# #.#..# # .
#.#..#.#.# #.# #.#..# #
..
.....#.#.#####.###.#..# #
..##.....
............#..# #
.......#
#.#####........###
#.....# #.# #...........


You could see a yak, a bullfrog, a centaur, a gnoll bouda and 5 gnolls.

Vanquished Creatures
  A water moccasin (D:7)
  2 black bears (D:6)
  A sky beast (D:6)
  A centaur (D:6)
  A kobold brigand (D:6)
  2 bullfrogs
  2 scorpions (D:6)
  6 killer bees (D:8)
  A howler monkey (D:6)
  A bullfrog zombie (D:6)
  4 bombardier beetles
  3 hounds
  2 jellies
  A gnoll bouda (D:7)
  3 iguanas
  8 adders
  5 gnolls
  A shadow imp (D:8)
  5 white imps
  5 ufetubi
  A dart slug (D:1)
  5 orcs
  11 ball pythons
  13 endoplasms
  4 giant cockroaches
  4 goblins
  6 hobgoblins
  3 quokkas
  5 bats
  2 frilled lizards
  8 kobolds
  3 rats
120 creatures vanquished.

Notes
Turn   | Place    | Note
-------+----------+-------------------------------------------
     0 | D:1      | Morbidden the Formicid Hunter began the quest for the Orb.
     0 | D:1      | Reached XP level 1. HP: 16/16 MP: 1/1
    69 | D:1      | Reached XP level 2. HP: 17/22 MP: 2/2
   162 | D:1      | Reached XP level 3. HP: 27/28 MP: 3/3
   663 | D:2      | Reached skill level 1 in Armour
   692 | D:2      | Reached XP level 4. HP: 34/34 MP: 4/4
   959 | D:2      | Reached skill level 5 in Ranged Weapons
  1376 | D:3      | Reached XP level 5. HP: 39/39 MP: 5/5
  1702 | D:4      | Found a broken altar of Ashenzari.
  1706 | D:4      | Saw a vision of the Shoals and the Spider Nest.
  1706 | D:4      | Noticed a culicivora
  1706 | D:4      | Noticed an emperor scorpion
  1706 | D:4      | Noticed a steelbarb worm
  1706 | D:4      | Noticed a jumping spider
  1706 | D:4      | Noticed a boulder beetle
  1706 | D:4      | Noticed a steelbarb worm
  1706 | D:4      | Noticed a pharaoh ant
  1706 | D:4      | Noticed a redback
  1706 | D:4      | Noticed a radroach
  1706 | D:4      | Noticed a torpor snail
  1706 | D:4      | Noticed a skyshark
  1706 | D:4      | Noticed a water elemental
  1706 | D:4      | Noticed a skyshark
  1706 | D:4      | Noticed a water elemental
  1706 | D:4      | Noticed a skyshark
  1706 | D:4      | Noticed a manticore
  1706 | D:4      | Noticed a manticore
  1707 | D:4      | Noticed an entropy weaver
  1707 | D:4      | Noticed a tarantella
  1707 | D:4      | Noticed a redback
  1707 | D:4      | Noticed a redback
  1707 | D:4      | Noticed a demonic crawler
  1709 | D:4      | Noticed a redback
  1710 | D:4      | Noticed a redback
  1710 | D:4      | Noticed a jumping spider
  1711 | D:4      | Noticed a steelbarb worm
  1712 | D:4      | Noticed a broodmother
  1713 | D:4      | Noticed a radroach
  1883 | D:4      | Found an ornate altar of the Wu Jian Council.
  1946 | D:4      | Found a staircase to the Ecumenical Temple.
  2004 | Temple   | Entered the Ecumenical Temple
  2030 | Temple   | Became a worshipper of Cheibriados the Contemplative
  2200 | D:4      | Found a bloodstained altar of Trog.
  2260 | D:4      | Found a shimmering altar of Xom.
  2578 | D:3      | Reached XP level 6. HP: 46/46 MP: 6/6
  2809 | D:5      | Entered Level 5 of the Dungeon
  2809 | D:5      | Found a sacrificial altar of Ru.
  2989 | D:5      | Reached skill level 6 in Ranged Weapons
  3213 | D:5      | Reached * piety under Cheibriados
  3284 | D:5      | Found a glowing golden altar of the Shining One.
  3359 | D:5      | Reached skill level 1 in Invocations
  3729 | D:6      | You fall into a shaft and drop 2 floors!
  3985 | D:8      | Reached XP level 7. HP: 48/51 MP: 7/7
  3989 | D:8      | Reached skill level 1 in Short Blades
  4567 | D:7      | HP: 1/52 [gnoll/+0 whip[a gnoll bouda] (6)]
  4569 | D:7      | Reached ** piety under Cheibriados
  4749 | D:7      | Noticed a water moccasin
  4753 | D:7      | Killed a water moccasin
  4754 | D:7      | Reached skill level 7 in Ranged Weapons
  4754 | D:7      | Reached skill level 1 in Shapeshifting
  4754 | D:7      | Reached XP level 8. HP: 58/58 MP: 9/9
  5192 | D:6      | Noticed Sigmund
  5795 | D:6      | Reached skill level 8 in Ranged Weapons
  5810 | D:6      | Reached XP level 9. HP: 27/65 MP: 11/11
  6102 | D:6      | HP: 1/66 [gnoll bouda/+0 club (4)]
  6102 | D:6      | Slain by a bullfrog

Illustrated notes

Levels and vault maps discovered:
D:1:      grunt_arrival_lava_bath, layout_basic
D:2:      layout_loops_corners
D:3:      layout_basic
D:4:      layout_loops_cross, mainiacjoe_overflow_alcove_2,
          kennysheep_mini_moat, nicolae_overflow_crystal_walls,
          grunt_ashenzari_visionary [grunt_ashenzari_visionary_shoals,
          grunt_ashenzari_visionary_spider], minmay_temple_entry_overgrown
D:5:      layout_loops_cross, tso_metal_star, mainiacjoe_overflow_catwalk
D:6:      cheibrodos_fzero, layout_basic, lemuel_mausoleum_altar_kikubaaqudgha,
          gammafunk_temple_overflow_wave, blue_anna_alchemist, uniq_sigmund,
          uniq_duvessa
D:7:      layout_loops_ring, elyvilon_altar_5, lemuel_doored_altar,
          serial_shops, nicolae_shop_industrial_runoff, palyth_stone_intersect
D:8:      layout_basic, serial_demonic, serial_demonic_a, serial_demonic_d,
          serial_demonic_c, serial_demonic_c
Temple:   chequers_temple_sunken

Skill      XL: |  1  2  3  4  5  6  7  8  9 |
---------------+----------------------------+-----
Dodging        | 2 3 |  3.8
Armour         | 1 2 3 |  3.5
Ranged Weapons | 5 6 7 8 |  8.3
Invocations    | 1 2 3 |  3.8
Fighting       | 3 4 |  4.6
Short Blades   | 2 3 |  3.1
Shapeshifting  | 1 2 |  2.2
Stealth        | |  1.8
Evocations     | |  0.6

Action                     |  1- 3 |  4- 6 |  7- 9 || total
---------------------------+-------+-------+-------++-------
  Melee: Dagger            |       |     1 |   101 ||   102
   Fire: Shortbow          |    51 |   178 |   123 ||   352
Ability: Shaft Self        |       |     1 |     1 ||     2
  Evoke: Wand              |       |     2 |    15 ||    17
    Use: Potion            |       |       |     5 ||     5
 Armour: Leather armour    |     3 |    26 |       ||    29
         Robe              |       |    24 |    62 ||    86
         Chain mail        |       |       |   132 ||   132
  Dodge: Dodged            |     6 |    58 |   159 ||   223

Table legend: (Time is in decaauts)
 A = Elapsed time spent in this place.
 B = Non-inter-level travel time spent in this place.
 C = Inter-level travel time spent in this place.
 D = Time resting spent in this place.
 E = Time spent auto-exploring this place.
 F = Levels seen in this place.
 G = Mean time per level.
                   A        B        C        D        E       F      G
               +--------+--------+--------+--------+--------+-----+--------+
         Total |   6806 |   6264 |    542 |   1592 |   3690 |   9 |  756.2 |
       Dungeon |   6746 |   6261 |    485 |   1592 |   3690 |   8 |  843.2 |
        Temple |     59 |      3 |     56 |      0 |      0 |   1 |   59.0 |
               +--------+--------+--------+--------+--------+-----+--------+

Top non-repeatable levels by time:
     D:5: 1120 daAuts
     D:4: 1003 daAuts
     D:7: 976 daAuts
     D:6: 950 daAuts
     D:2: 794 daAuts
     D:8: 708 daAuts
     D:3: 624 daAuts
     D:1: 568 daAuts
  Temple: 59 daAuts
